 Dungeon Crawl Stone Soup version 0.25-a0-589-g1e14c54 (webtiles) character file.

Game seed: 11320592675090734992, levelgen mode: deterministic

23284 relicbr the Ogre Mage (level 13, -12/133 HPs)
             Began as an Ogre Conjurer on Mar 11, 2020.
             Was an Elder of Vehumet.
             Mangled by a spiny frog (21 damage)
             ... on level 6 of the Lair of Beasts.
             The game lasted 00:50:11 (16676 turns).

relicbr the Ogre Mage (Ogre Conjurer)              Turns: 16676, Time: 00:50:15

Health: -12/133    AC:  9    Str: 15    XL:     13   Next: 5%
Magic:  20/31      EV: 13    Int: 25    God:    Vehumet [****..]
Gold:   873        SH:  0    Dex:  9    Spells: 27/40 levels left

rFire    . . .     SeeInvis .   H - +4 dagger "Morg" {pain, MR+ Int+5}
rCold    . . .     Gourm    .   (no shield)
rNeg     . . .     Faith    .   z - +0 troll leather armour
rPois    +         Spirit   .   (helmet restricted)
rElec    .         Reflect  .   x - +1 cloak {rPois}
rCorr    .         Harm     .   (gloves unavailable)
MR       ++...                  (boots unavailable)
Stlth    +.........             (no amulet)
HPRegen  0.72/turn              v - +2 ring of protection
MPRegen  0.22/turn              I - +2 ring of evasion

@: lethally poisoned (-12 -> -14), about to teleport
A: large, unfitting armour, tough skin 1
a: Renounce Religion


You were on level 6 of the Lair of Beasts.
You worshipped Vehumet.
Vehumet was greatly pleased with you.
You were not hungry.

You visited 3 branches of the dungeon, and saw 17 of its levels.

You collected 945 gold pieces.
You spent 72 gold pieces at shops.

Inventory:

Hand Weapons
 p - a +0 giant club
 H - the +4 dagger "Morg" (weapon) {pain, MR+ Int+5}
   (You found it on level 2 of the Lair of Beasts)

   In the hands of one skilled in necromantic magic, it inflicts extra damage on
   living creatures.
   It affects your intelligence (+5).
   It affects your resistance to hostile enchantments.
Armour
 x - a +1 cloak of poison resistance (worn)
 z - a +0 troll leather armour (worn)
Magical Staves
 b - an uncursed staff of wizardry
Jewellery
 v - a +2 ring of protection (left hand)
 D - a +3 ring of strength {unknown}
 I - a +2 ring of evasion (right hand)
Wands
 a - a wand of clouds (5)
 n - a wand of acid (4)
 r - a wand of digging (7)
 s - a wand of flame (17)
 y - a wand of polymorph (7)
 F - a wand of scattershot (5)
Scrolls
 g - 3 scrolls of fog
 h - 8 scrolls of teleportation
 k - 2 scrolls of enchant weapon
 l - a scroll of blinking
 o - 4 scrolls of enchant armour
 t - 6 scrolls of remove curse
 u - a scroll of acquirement {unknown}
 w - a scroll of torment {unknown}
 E - a scroll of amnesia {unknown}
 G - a scroll of silence {unknown}
Potions
 e - a potion of magic
 f - a potion of cancellation {unknown}
 i - a potion of resistance
 j - 5 potions of curing
 m - 2 potions of haste
 q - a potion of berserk rage {unknown}
 A - 3 potions of might {unknown}
 B - 3 potions of heal wounds {unknown}
 C - a potion of flight
Comestibles
 c - 24 rations
 d - 2 chunks of flesh


   Skills:
 - Level 10.0 Fighting
   Level 0.1 Polearms
 - Level 6.3 Dodging
 - Level 1.4 Stealth
 - Level 14.4 Spellcasting
 - Level 11.0 Conjurations
 * Level 6.6 Necromancy


You had 27 spell levels left.
You knew the following spells:

 Your Spells              Type           Power        Failure   Level  Hunger
a - Magic Dart            Conj           ####         1%          1    None
b - Searing Ray           Conj           ######       1%          2    None
c - Pain                  Necr           ####         1%          1    None
d - Vampiric Draining     Necr           ######....   1%          3    None
e - Animate Dead          Necr           N/A          2%          4    None
f - Blink                 Tloc           N/A          6%          2    None

Your spell library contained the following spells:

 Spells                   Type           Power        Failure   Level  Hunger
 Irradiate                Conj/Tmut      #####.....   3%          5    ##.....
 Animate Skeleton         Necr           N/A          1%          1    None
 Shock                    Conj/Air       ####         1%          1    None
 Conjure Flame            Conj/Fire      #####...     1%          3    None
 Dazzling Flash           Conj/Hex       #####.       1%          3    None
 Mephitic Cloud           Conj/Pois/Air  #####...     1%          3    None
 Static Discharge         Conj/Air       #####...     1%          3    None
 Fulminant Prism          Conj/Hex       #####.....   1%          4    None
 Iskenderun's Mystic Bla  Conj/Tloc      #####...     1%          4    None
 Apportation              Tloc           ###...       3%          1    None
 Corona                   Hex            ###....      3%          1    None
 Summon Small Mammal      Summ           ###.         3%          1    None
 Inner Flame              Hex/Fire       ###.....     3%          3    None
 Lightning Bolt           Conj/Air       #####.....   3%          5    ##.....
 Call Imp                 Summ           ###.....     6%          2    None
 Shroud of Golubria       Chrm/Tloc      ###...       6%          2    None
 Slow                     Hex            ###.....     6%          2    None
 Swiftness                Chrm/Air       ###.....     6%          2    None
 Agony                    Necr           ######..     7%          5    ##.....
 Airstrike                Air            ###.......   11%         4    None
 Gell's Gravitas          Tloc           ###.......   12%         3    None
 Lesser Beckoning         Tloc           ###.......   12%         3    None
 Portal Projectile        Hex/Tloc       ###...       12%         3    None
 Teleport Other           Tloc           ###.....     12%         3    None
 Cause Fear               Hex            ###.......   36%         4    None
 Leda's Liquefaction      Hex/Erth       ###.......   36%         4    None
 Passage of Golubria      Tloc           N/A          36%         4    None


Dungeon Overview and Level Annotations

Branches:
Dungeon (11/15)            Temple (1/1) D:6            Lair (4/6) D:9
  Swamp (0/4) Lair:2          Orc (0/2) D:10
  Snake: Lair:2-4    Spider: Lair:2-4

Altars:
Ashenzari
Cheibriados
Dithmenos
Elyvilon
Fedhas
Gozag
Hepliaklqana
Kikubaaqudgha
Makhleb
Nemelex Xobeh
Okawaru
Qazlal
Sif Muna
Trog
Uskayaw
Vehumet
Wu Jian
Xom
Yredelemnul
Zin
The Shining One

Shops:
D:9 ?


Innate Abilities, Weirdness & Mutations

You are too large for most types of armour.
You have tough skin. (AC +1)


Message History

Casting: Searing Ray (safe; 1% risk of failure)
Confirm with . or Enter, or press ? or * to list all spells.
Aiming: Searing Ray (safe; 1% risk of failure)
Press: ? - help, Shift-Dir - straight line, f/p - spiny frog
Aim: a spiny frog (purple smoke, lightly wounded)
The searing ray misses the spiny frog. (Press . to maintain the ray.)
You feel sick.
A wolf comes into view.
The spiny frog stings you! The yak gores you!
* * * LOW HITPOINT WARNING * * *
The wolf bites the plant but does no damage.
The searing ray hits the spiny frog!
The spiny frog is moderately wounded.
You feel sick. The spiny frog stings you!
* * * LOW HITPOINT WARNING * * *
The wolf bites the plant.
The yak gores you!
* * * LOW HITPOINT WARNING * * *
The spiny frog stings you!!
You die...

♣ ♣.. ♣....
#♣♣.....♣ # ####
##@♣§....♣
##P#...##PYFh..♣
........§§hh♣♣♣♣
........§).♣♣
...........♣
...........♣♣
.....h...Y..♣
............♣
............♣


You could see a yak, a spiny frog and 3 wolves.

Vanquished Creatures
  2 hydras
  Erolcha (D:9)
  An unseen horror (D:8)
  3 cyclopes
  An ugly thing (D:10)
  5 black mambas
  2 centaur zombies (D:9)
  5 spiny frogs
  2 komodo dragons (Lair:1)
  2 tyrant leeches (Lair:2)
  2 trolls
  Grinder (D:4)
  4 hippogriffs
  A wraith (D:10)
  A vampire (D:10)
  4 hogs (D:7)
  2 wyverns
  27 yaks
  2 basilisks (Lair:2)
  A human (D:7)
  Grum (D:10)
  A hungry ghost (D:10)
  A warg (D:10)
  A swamp worm (Lair:2)
  Duvessa (D:4)
  7 water moccasins
  4 porcupines
  A sky beast (D:10)
  4 orc warriors
  5 black bears
  An ice beast (D:8)
  2 phantoms
  8 ogres
  5 centaurs
  10 wolves
  6 crocodiles
  13 bullfrogs
  Dowan (D:4)
  3 scorpions
  A howler monkey (D:4)
  8 wights
  4 electric eels (D:11)
  4 crimson imps
  2 bullfrog zombies
  A quasit (D:10)
  4 jellies
  3 orc priests
  A centaur skeleton (D:7)
  4 hounds
  6 orc wizards
  Crazy Yiuf (D:7)
  11 worker ants
  7 iguanas
  A killer bee zombie (D:7)
  2 worker ant zombies
  4 gnolls
  A howler monkey skeleton (D:11)
  13 adders
  2 shadow imps
  An ooze (D:5)
  An adder skeleton (D:4)
  3 worms
  3 dart slugs
  8 leopard geckos
  35 orcs
  2 ball pythons
  A giant cockroach (D:4)
  15 goblins
  9 hobgoblins
  12 jackals
  4 quokkas
  11 bats
  8 frilled lizards
  3 kobolds
  A quokka skeleton (D:5)
  8 rats
  A fungus (D:9)
350 creatures vanquished.

Vanquished Creatures (others)
  19 fungi
  3 plants (D:9)
22 creatures vanquished.

Grand Total: 372 creatures vanquished

Notes
Turn   | Place    | Note
-------+----------+-------------------------------------------
     0 | D:1      | relicbr the Ogre Conjurer began the quest for the Orb.
     0 | D:1      | Reached XP level 1. HP: 16/16 MP: 3/3
   399 | D:1      | Reached XP level 2. HP: 16/24 MP: 0/5
   692 | D:1      | Reached XP level 3. HP: 30/31 MP: 0/6
   993 | D:1      | Learned a level 2 spell: Searing Ray
  1327 | D:2      | Reached skill level 5 in Conjurations
  1414 | D:2      | Reached XP level 4. HP: 39/39 MP: 4/7
  2078 | D:2      | Reached XP level 5. HP: 45/45 MP: 5/8
  2194 | D:2      | Found an iron altar of Okawaru.
  3144 | D:3      | Found a shimmering altar of Xom.
  3404 | D:4      | Noticed Duvessa
  3404 | D:4      | Noticed Dowan
  3436 | D:4      | Killed Duvessa
  3436 | D:4      | Reached XP level 6. HP: 34/53 MP: 1/9
  3441 | D:4      | Killed Dowan
  3782 | D:4      | Found an iron altar of Okawaru.
  3956 | D:4      | Reached XP level 7. HP: 30/59 MP: 0/10
  4367 | D:4      | Noticed Grinder
  4375 | D:4      | Killed Grinder
  4683 | D:5      | Entered Level 5 of the Dungeon
  4692 | D:5      | Reached skill level 3 in Spellcasting
  4849 | D:5      | Reached skill level 4 in Spellcasting
  4849 | D:5      | Reached XP level 8. HP: 67/67 MP: 8/14
  5635 | D:6      | Found a staircase to the Ecumenical Temple.
  5660 | D:6      | Reached skill level 5 in Spellcasting
  5679 | Temple   | Entered the Ecumenical Temple
  5809 | Temple   | Became a worshipper of Vehumet
  6022 | D:6      | Reached skill level 6 in Spellcasting
  6443 | D:6      | Reached skill level 7 in Spellcasting
  6650 | D:6      | Learned a level 2 spell: Blink
  6777 | D:6      | Reached * piety under Vehumet
  6777 | D:6      | Offered knowledge of Sandblast by Vehumet.
  6916 | D:7      | Reached skill level 8 in Spellcasting
  7061 | D:7      | Reached XP level 9. HP: 68/74 MP: 17/21
  7195 | D:7      | Reached skill level 9 in Spellcasting
  7241 | D:7      | Found a runed translucent door.
  7242 | D:7      | Noticed Crazy Yiuf
  7391 | D:7      | Found a burning altar of Makhleb.
  7408 | D:7      | Found a stormy altar of Qazlal.
  7644 | D:7      | Reached skill level 10 in Spellcasting
  7728 | D:7      | Reached skill level 5 in Fighting
  8206 | D:7      | Killed Crazy Yiuf
  8555 | D:8      | Reached XP level 10. HP: 101/102 MP: 20/24
  8659 | D:8      | Killed an unseen horror
  9115 | D:8      | Reached skill level 10 in Fighting
  9203 | D:8      | You fall into a shaft and drop 3 floors!
  9298 | D:11     | Noticed a cyclops
  9311 | D:11     | Killed a cyclops
  9380 | D:11     | Reached ** piety under Vehumet
  9380 | D:11     | Offered knowledge of Freeze by Vehumet.
  9560 | D:11     | Reached skill level 10 in Conjurations
  9896 | D:11     | Reached XP level 11. HP: 56/117 MP: 17/25
 10016 | D:11     | Noticed a cyclops
 10036 | D:11     | Killed a cyclops
 10045 | D:11     | Noticed a red ugly thing
 10047 | D:11     | Noticed a cyan ugly thing
 10061 | D:10     | Entered Level 10 of the Dungeon
 10077 | D:10     | Offered knowledge of Ignite Poison by Vehumet.
 10078 | D:10     | HP: 1/117 [red ugly thing (20)]
 10079 | D:10     | Killed a red ugly thing
 10079 | D:10     | Reached skill level 5 in Dodging
 10397 | D:10     | Noticed Grum
 10411 | D:10     | Killed Grum
 10514 | D:10     | Noticed a cyclops
 10534 | D:10     | Killed a cyclops
 10661 | D:10     | Reached *** piety under Vehumet
 11262 | D:10     | Found a staircase to the Orcish Mines.
 11295 | D:10     | Offered knowledge of Hailstorm by Vehumet.
 12005 | D:9      | Found a white marble altar of Elyvilon.
 12043 | D:9      | Reached skill level 11 in Spellcasting
 12118 | D:9      | Found a staircase to the Lair.
 12188 | D:9      | Found Ciemoihe's Magic Scroll Emporium.
 12192 | D:9      | Bought a scroll of teleportation for 36 gold pieces
 12192 | D:9      | Bought a scroll of remove curse for 36 gold pieces
 12259 | D:9      | Noticed a +0 hand axe
 12260 | D:9      | Noticed a +0 hand axe
 12421 | D:9      | Found a hide-covered altar of Uskayaw.
 12620 | D:9      | Noticed Erolcha
 12628 | D:9      | Killed Erolcha
 13061 | Lair:1   | Entered Level 1 of the Lair of Beasts
 13106 | Lair:1   | Reached **** piety under Vehumet
 13106 | Lair:1   | Reached skill level 12 in Spellcasting
 13477 | Lair:1   | Reached XP level 12. HP: 99/126 MP: 23/28
 13481 | Lair:1   | Offered knowledge of Irradiate by Vehumet.
 13656 | Lair:1   | Reached skill level 13 in Spellcasting
 13769 | Lair:1   | Noticed a seven-headed hydra
 13775 | Lair:1   | Killed a seven-headed hydra
 14088 | Lair:2   | Found the +4 dagger "Morg" {pain, MR+ Int+5}
 14200 | Lair:2   | Reached skill level 14 in Spellcasting
 14597 | Lair:2   | Learned a level 3 spell: Vampiric Draining
 14838 | Lair:2   | Reached skill level 1 in Necromancy
 14880 | Lair:2   | Found a staircase to the Swamp.
 15453 | Lair:2   | Learned a level 4 spell: Animate Dead
 16035 | Lair:3   | Noticed a four-headed hydra
 16044 | Lair:3   | Reached skill level 5 in Necromancy
 16049 | Lair:3   | Killed a four-headed hydra
 16538 | Lair:4   | Reached XP level 13. HP: 133/133 MP: 26/31
 16561 | Lair:4   | Learned a level 1 spell: Pain
 16653 | Lair:4   | You fall into a shaft and drop 2 floors!
 16653 | Lair:6   | Entered Level 6 of the Lair of Beasts
 16676 | Lair:6   | Mangled by a spiny frog

Levels and vault maps discovered:
D:1:      dpeg_arrival_fog, layout_rooms
D:2:      layout_basic, kennysheep_okawaru_gauntlet
D:3:      layout_loops_ring, tgw_xom, first_ration
D:4:      layout_basic, nicolae_overflow_hidden_temple, uniq_grinder,
          uniq_duvessa
D:5:      layout_basic, kennysheep_small_circle
D:6:      layout_loops_cross, minmay_temple_entry_butterflies
D:7:      layout_basic, kennysheep_mini_moat, grunt_livestock,
          nicolae_qazlal_general_emergency, uniq_crazy_yiuf_cottage
D:8:      layout_loops_ring
D:9:      layout_loops_corners, elyvilon_altar_1, dancing_weapons_uskayaw,
          due_lair_maze_entry_diamond, serial_shops, shop_fountains,
          minmay_statues_item, uniq_erolcha
D:10:     layout_basic, erik_orc_3, serial_curves, eino_curves_02,
          eino_curves_02, uniq_grum
D:11:     layout_basic
Temple:   kb_temple_of_zot
Lair:1:   layout_regular_city
Lair:2:   layout_gridlike, minmay_swamp_entry_worms, grunt_megastairs_1
Lair:3:   layout_cave_pods, st_stairs_3, lemuel_fruit_tree
Lair:4:   layout_hall_layers, minmay_snake_entry_guardpost_medium
Lair:6:   minmay_lair_end_enchanted_forest, layout_regular_city,
          serial_bayou_lake_a, serial_bayou_shore_a, serial_bayou_shore_b,
          uniq_nessos

Skill      XL: |  1  2  3  4  5  6  7  8  9 10 11 12 |
---------------+-------------------------------------+-----
Conjurations   | 4 5 6 7 8 10 11 | 11.0
Spellcasting   | 4 8 10 12 14 | 14.4
Fighting       | 7 10 | 10.0
Dodging        | 4 6 |  6.3
Necromancy     | 6 |  6.6
Polearms       | |  0.1
Stealth        | |  1.4

Action                   |  1- 3 |  4- 6 |  7- 9 | 10-12 | 13-15 || total
-------------------------+-------+-------+-------+-------+-------++-------
Melee: Unarmed           |     3 |       |       |       |       ||     3
       Club              |    12 |     7 |       |       |       ||    19
       Spear             |       |    28 |       |       |       ||    28
       Halberd           |       |       |    25 |       |       ||    25
       Giant club        |       |       |    16 |       |       ||    16
       Morningstar       |       |       |    11 |       |       ||    11
       Flail             |       |       |     7 |    25 |       ||    32
       Staff             |       |       |       |     1 |       ||     1
       Dagger            |       |       |       |    30 |       ||    30
 Cast: Magic Dart        |    67 |    58 |    22 |    66 |     2 ||   215
       Searing Ray       |     2 |    25 |    57 |   184 |     7 ||   275
       Vampiric Draining |       |       |       |     5 |       ||     5
       Animate Dead      |       |       |       |     3 |     1 ||     4
       Blink             |       |       |       |     2 |       ||     2
       Pain              |       |       |       |       |     9 ||     9
Evoke: Wand              |       |       |       |     2 |       ||     2
  Use: Scroll            |     3 |     2 |     6 |     8 |     2 ||    21
       Potion            |       |     1 |       |     2 |       ||     3
 Stab: Sleeping          |       |     1 |     1 |       |       ||     2
  Eat: Chunk             |     2 |    10 |    15 |    19 |     2 ||    48
       Ration            |       |       |       |     1 |       ||     1
Armor: Robe              |    19 |    17 |    28 |       |       ||    64
       Animal skin       |       |       |     4 |    10 |       ||    14
       Troll leather arm |       |       |       |   101 |     2 ||   103
Dodge: Dodged            |    26 |    41 |    70 |   165 |    14 ||   316

Table legend:
 A = Non-vault XP
 B = Vault XP
 C = Vault XP percentage of total XP
 D = Non-vault monster count
 E = Vault monster count
 F = Vault count percentage of total count
                 A         B        C        D         E       F
            +---------+---------+-------+---------+---------+-------
      Total |   26589 |    6675 |  20.1 |     293 |      56 |  16.0
            +---------+---------+-------+---------+---------+-------
        D:1 |      53 |       0 |   0.0 |      25 |       0 |   0.0
        D:2 |     113 |       4 |   3.4 |      27 |       2 |   6.9
        D:3 |      34 |       6 |  15.0 |      12 |       2 |  14.3
        D:4 |     316 |     488 |  60.7 |      18 |       3 |  14.3
        D:5 |     246 |      26 |   9.6 |      17 |       2 |  10.5
        D:6 |     831 |       0 |   0.0 |      23 |       0 |   0.0
        D:7 |    1095 |    1054 |  49.0 |      23 |       6 |  20.7
        D:8 |    1826 |       0 |   0.0 |      26 |       0 |   0.0
        D:9 |     989 |    1941 |  66.2 |      10 |      10 |  50.0
       D:10 |    3307 |    1306 |  28.3 |      23 |      24 |  51.1
       D:11 |    3829 |       0 |   0.0 |      28 |       0 |   0.0
     Lair:1 |    5248 |       0 |   0.0 |      22 |       0 |   0.0
     Lair:2 |    4487 |    1560 |  25.8 |      23 |       5 |  17.9
     Lair:3 |    2724 |     290 |   9.6 |      10 |       2 |  16.7
     Lair:4 |    1334 |       0 |   0.0 |       5 |       0 |   0.0
     Lair:6 |     157 |       0 |   0.0 |       1 |       0 |   0.0
            +---------+---------+-------+---------+---------+-------
